 Dungeon Crawl Stone Soup version 0.31-a0-868-g674d60d6f7 (webtiles) character file.

Game seed: 13363590256671126146

109658 DocEon the Slayer (level 16, -4/157 HPs)
             Began as a Merfolk Gladiator on Oct 11, 2023.
             Was an Initiate of Gozag.
             Slain by a 17-headed hydra (6 damage)
             ... on level 14 of the Dungeon on Oct 12, 2023.
             The game lasted 00:32:45 (22722 turns).

DocEon the Slayer (Merfolk Gladiator)              Turns: 22722, Time: 00:32:45

Health: -4/157     AC: 25    Str: 21    XL:     16   Next: 52%
Magic:  25/25      EV: 14    Int:  8    God:    Gozag
Gold:   3239       SH:  0    Dex: 17    Spells: 15/15 levels left

rFire   + . .        b - +5 Lochaber axe {reach-cleave, Poleaxe Drain}
rCold   + + .        (shield currently unavailable)
rNeg    . . .        f - +8 chain mail of the Kitsune {Regen+ Str+3}
rPois   +            V - +0 mask of the Dragon {Will+ Slay+3 SInv}
rElec   .            L - +1 cloak {rF+}
rCorr   .            X - +0 pair of gloves of the Sun {Drain rPois rC++ Str-4}
SInv    +            W - +2 pair of boots of Distant Worlds {Str+2}
Will    ++...        P - dreamdust necklace {Acrobat} Stlth
                     l - ring of flight
HPRegen 1.26/turn    o - ring of magical power
MPRegen 0.19/turn

%: acrobat
@: flying
A: (nimble swimmer 2), mertail
a: Renounce Religion, Potion Petition, Call Merchant, Bribe Branch


You were on level 14 of the Dungeon.
You worshipped Gozag.
Gozag was most pleased with you.
You visited 4 branches of the dungeon, and saw 22 of its levels.
You also visited: Ice Cave and Volcano.

You collected 8200 gold pieces.
You spent 1577 gold pieces at shops.
You paid 3384 gold pieces to Gozag.

Inventory:

Hand Weapons
 a - a +9 trident of freezing
 b - the +5 Lochaber axe (weapon) {reach-cleave, Poleaxe Drain}
   (You found it on level 10 of the Dungeon)

   Poleaxe:   It uses either Axes or Polearms skill, whichever is higher.
   Drain:     It drains your maximum health when unequipped.
 C - a +0 vampiric demon trident
 K - a +2 eveningstar of flaming
Missiles
 d - 3 throwing nets
 e - 7 javelins
Armour
 f - the +8 chain mail of the Kitsune (worn) {Regen+ Str+3}
   (You found it on level 6 of the Dungeon)

   Str+3:     It affects your strength (+3).
   Regen+:    It increases your rate of health regeneration.
 h - a +1 buckler
 m - the +2 helmet "Atenelif" {rCorr}
   (You found it on level 4 of the Dungeon)

   rCorr:     It protects you from acid and corrosion.
 n - a +0 pair of gloves
 L - a +1 cloak of fire resistance (worn)
 V - the +0 mask of the Dragon (worn) {Will+ Slay+3 SInv}
   (You bought it in a shop on level 2 of the Orcish Mines)

   Slay+3:    It affects your accuracy & damage with ranged weapons and melee
   (+3).
   Will+:     It increases your willpower.
   SInv:      It lets you see invisible.
 W - the +2 pair of boots of Distant Worlds (worn) {Str+2}
   (You bought it in a shop on level 2 of the Orcish Mines)

   Str+2:     It affects your strength (+2).
 X - the +0 pair of gloves of the Sun (worn) {Drain rPois rC++ Str-4}
   (You found it on level 12 of the Dungeon)

   Str-4:     It affects your strength (-4).
   rC++:      It greatly protects you from cold.
   rPois:     It protects you from poison Drain: It drains your maximum health
   when unequipped.
Jewellery
 l - a ring of flight (left hand)
 o - a ring of magical power (right hand)
 q - a ring of protection from cold
 v - an amulet of guardian spirit
 z - an amulet of magic regeneration
 G - a ring of fire
 J - a ring of protection from cold
 P - the dreamdust necklace (around neck) {Acrobat}
   (You found it on level 5 of the Lair of Beasts)

   [amulet of the acrobat]

   Acrobat:   It increases your evasion while moving and waiting.
Wands
 c - a wand of iceblast (25)
 k - a wand of flame (100) (quivered)
 D - a wand of polymorph (2)
 F - a wand of charming (11)
 H - a wand of digging (3)
 Q - a wand of mindburst (4)
Scrolls
 j - 4 scrolls of enchant weapon
 s - 2 scrolls of vulnerability
 u - 2 scrolls of poison
 w - 5 scrolls of blinking
 x - 3 scrolls of amnesia
 y - 9 scrolls of teleportation
 E - 11 scrolls of identify
 I - 3 scrolls of immolation
 O - 3 scrolls of fear
 S - 2 scrolls of silence
 Y - a scroll of enchant armour
 Z - a scroll of revelation
Potions
 g - 3 potions of brilliance
 i - 7 potions of magic
 p - 3 potions of haste
 r - 2 potions of mutation
 t - a potion of cancellation
 A - 6 potions of might
 B - 4 potions of heal wounds
 M - 3 potions of enlightenment
 N - 3 potions of invisibility
 R - a potion of lignification
 T - a potion of berserk rage
 U - 4 potions of curing


   Skills:
 - Level 23.3 Fighting
 * Level 17.7 Polearms
 - Level 2.0 Throwing
 + Level 7.0 Armour
 + Level 12.8 Dodging
 - Level 5.0 Shields


You had 15 spell levels left.
You didn't know any spells.
Your spell library contained the following spells:

 Spells                   Type           Power      Damage    Failure   Level
 Magic Dart               Conj           0%         1d3       95%         1
 Call Imp                 Summ           0%         N/A       98%         2
 Hailstorm                Conj/Ice       0%         3d3       100%        3
 Ignite Poison            Fire/Tmut/Pois 0%         N/A       100%        3
 Mephitic Cloud           Conj/Pois/Air  0%         N/A       100%        3
 Sticky Flame             Conj/Fire      0%         2d3       100%        4
 Summon Ice Beast         Ice/Summ       0%         N/A       100%        4
 Ozocubu's Refrigeration  Ice            0%         4d7       100%        7
 Ignition                 Fire           0%         3d3       100%        8
 Polar Vortex             Ice            0%         N/A       100%        9
 Simulacrum               Ice/Necr       Unusable   N/A       N/A         6

Dungeon Overview and Level Annotations

Branches:
Dungeon (14/15)            Temple (1/1) D:6            Lair (5/5) D:8
  Swamp (0/4) Lair:3       Spider (0/4) Lair:2        Slime (0/5) Lair:4
    Orc (2/2) D:10            Elf (0/3) Orc:2        Vaults (0/5) D:13
  IceCv (visited)         Volcano (visited)

Altars:
Ashenzari
Cheibriados
Dithmenos
Elyvilon
Fedhas
Gozag
Hepliaklqana
Kikubaaqudgha
Makhleb
Nemelex Xobeh
Okawaru
Qazlal
Ru
Sif Muna
Trog
Uskayaw
Vehumet
Wu Jian
Xom
Yredelemnul
Zin
The Shining One
Jiyva

Shops:
D:3 !   D:4 (   D:8 ?   D:10 ?   D:11 =   Orc:1 [   Orc:2 :[=*[(

Annotations:
D:8 exclusion: oklob plant
D:10 3 runed translucent doors, exclusion: obsidian statue, Shayle's ghost, journeyman HuSh


Innate Abilities, Weirdness & Mutations

((You are very nimble when in or above water. (Stealth+, EV+, Speed+++)))
Your lower body shifts to a powerful aquatic tail in water.


Message History

You chop one of the 15-headed hydra's heads off!
The 14-headed hydra grows two more!
You slice the 16-headed hydra!!
The 16-headed hydra is severely wounded.
The 16-headed hydra bites you!
* * * LOW HITPOINT WARNING * * *
The 16-headed hydra bites you!
* * * LOW HITPOINT WARNING * * *
The 16-headed hydra bites you.
* * * LOW HITPOINT WARNING * * *
The 16-headed hydra barely misses you. The 16-headed hydra bites you.
* * * LOW HITPOINT WARNING * * *
The 16-headed hydra bites you but does no damage.
The 16-headed hydra bites you!
Your necklace shatters, unleashing a wave of protective dreams!
You dream of life, friendship, and clouds.
The 16-headed hydra misses you. The 16-headed hydra barely misses you.
The 16-headed hydra bites you but does no damage. x2
The 16-headed hydra closely misses you. x2; The 16-headed hydra misses you.
The 16-headed hydra barely misses you. The 16-headed hydra misses you.
The 16-headed hydra bites you.
The 16-headed hydra barely misses you. x2
The 16-headed hydra bites you but does no damage. x4
The 16-headed hydra barely misses you.
The 16-headed hydra completely misses you.
The 16-headed hydra bites you! The 16-headed hydra misses you.
The 16-headed hydra bites you.
The 16-headed hydra bites you but does no damage. x3
The 16-headed hydra closely misses you.
You lop one of the 16-headed hydra's heads off!
The 15-headed hydra grows two more!
You slash the 17-headed hydra!
The 17-headed hydra is severely wounded.
The 17-headed hydra closely misses you.
The 17-headed hydra bites you but does no damage.
The 17-headed hydra bites you.
* * * LOW HITPOINT WARNING * * *
The 17-headed hydra bites you but does no damage.
The 17-headed hydra barely misses you.
The 17-headed hydra bites you but does no damage. x3
The 17-headed hydra bites you.
You die...
Your body crumbles into a pile of gold.

#~....# ##'##
##....## ##./.##
###....# ##.....##
##.####.###.......#
##........#.........
#.........'.........
#§§#......#.........
#§e§#t#.#.##.......#
#§§@§...#.###.....##
#§§D###.#.# ##...##
#§§§# #.#.# ##'##
#...# #.#.# #.#
#.... ^.# #.# ###.#
##.## #.# #####...##
#.# #........#
#.###....#


You could see a 17-headed hydra (ally target), a friendly fire crab (summoned)
and a friendly deep elf pyromancer (summoned).

Vanquished Creatures
  Rupert (Lair:4)
  Gastronok (Lair:3)
  A frost giant (IceCv)
  An orc warlord (Orc:2)
  A red draconian (Volcano)
  A dire elephant (Lair:5)
  An ettin (D:10)
  Josephine (Orc:1)
  A yaktaur captain (D:13)
  Fannar (Orc:1)
  Harold (D:9)
  A rakshasa (D:11)
  An ogre mage (Volcano)
  5 hydras
  4 centaur warriors
  3 death knights
  A catoblepas (Lair:5)
  10 two-headed ogres
  5 death yaks (IceCv)
  2 boulder beetles (D:11)
  2 orc high priests (Orc:2)
  5 tengu warriors
  2 deep elf knights
  13 skeletal warriors
  Pikel (D:5)
  5 orc knights
  3 lindwurms (Lair:5)
  3 phantasmal warriors
  7 ugly things
  A deep elf zephyrmancer (Orc:1)
  6 orc sorcerers (Orc:2)
  2 deep elf pyromancers
  9 cyclopes
  A salamander (D:13)
  5 manticores
  13 elephants
  3 black mambas
  2 torpor snails
  An ice statue (IceCv)
  A gargoyle (D:12)
  11 cane toads
  14 rime drakes
  13 komodo dragons
  An efreet (D:14)
  2 yaktaurs (D:13)
  5 kobold demonologists
  5 freezing wraiths
  3 meliai (D:14)
  Prince Ribbit (D:6)
  A troll (D:7)
  11 polar bears
  21 blink frogs
  A shadow (D:9)
  13 slime creatures
  Sigmund (D:3)
  5 wyverns
  2 basilisks
  7 wraiths
  Eustachio (D:5)
  47 yaks
  7 vampire mosquitoes
  2 steam dragons
  2 wargs
  Menkaure (D:6)
  2 swamp worms (Lair:3)
  15 water moccasins
  A swamp drake (Orc:1)
  2 sky beasts (D:7)
  3 ice beasts
  5 black bears
  11 ogres
  23 orc warriors
  27 wolves
  6 centaurs
  A phantom (D:6)
  3 kobold brigands
  12 bullfrogs
  A scorpion (D:6)
  8 wights (D:6)
  9 killer bees
  3 electric eels
  8 howler monkeys
  5 crimson imps
  A quasit (D:5)
  Crazy Yiuf (D:3)
  An iron imp (Orc:1)
  11 jellies
  13 orc priests
  9 hounds
  A gnoll bouda (D:8)
  3 iguanas
  A sleepcap (D:5)
  Jessica (D:3)
  Natasha (thrice) (D:3)
  23 orc wizards
  The ghost of relicbr the Sneak, a weakling SpWn (D:8)
  Robin (D:3)
  7 gnolls
  8 adders
  7 shadow imps
  2 white imps
  7 ufetubi
  A worm (D:5)
  A dart slug (D:2)
  65 orcs
  17 endoplasms
  3 giant cockroaches (D:1)
  12 goblins
  8 hobgoblins
  2 jackals (D:1)
  4 quokkas
  6 ball pythons
  3 bats
  A frilled lizard (D:1)
  23 kobolds
  3 rats
700 creatures vanquished.

Vanquished Creatures (others)
  A yak (IceCv)
1 creature vanquished.

Grand Total: 701 creatures vanquished

Notes
Turn   | Place    | Note
-------+----------+-------------------------------------------
     0 | D:1      | DocEon the Merfolk Gladiator began the quest for the Orb.
     0 | D:1      | Reached XP level 1. HP: 16/16 MP: 1/1
    93 | D:1      | Reached XP level 2. HP: 22/22 MP: 2/2
   231 | D:1      | Reached skill level 5 in Polearms
   240 | D:1      | Found a faded altar of an unknown god.
   464 | D:1      | Reached XP level 3. HP: 22/27 MP: 3/3
  1110 | D:3      | Found Fovoghad's Distillery.
  1115 | D:3      | Noticed Jessica
  1122 | D:3      | Killed Jessica
  1123 | D:3      | Reached XP level 4. HP: 30/33 MP: 4/4
  1154 | D:3      | Noticed Sigmund
  1172 | D:3      | Killed Sigmund
  1173 | D:3      | Reached XP level 5. HP: 38/38 MP: 5/5
  1173 | D:3      | Reached XP level 6. HP: 44/44 MP: 6/6
  1177 | D:3      | Noticed Robin
  1192 | D:3      | Killed Robin
  1388 | D:3      | Identified the +1 short sword "Ympisoc" {drain, SInv}
  1752 | D:3      | Noticed Natasha
  1760 | D:3      | Killed Natasha
  1775 | D:3      | Noticed Natasha
  1783 | D:3      | Killed Natasha
  1821 | D:3      | Noticed Natasha
  1829 | D:3      | Killed Natasha
  1942 | D:3      | Found a runed translucent door.
  1943 | D:3      | Noticed Crazy Yiuf
  1960 | D:3      | Killed Crazy Yiuf
  2141 | D:4      | Noticed a black bear
  2149 | D:4      | Reached skill level 10 in Polearms
  2166 | D:4      | Killed a black bear
  2167 | D:4      | Reached XP level 7. HP: 50/50 MP: 7/7
  2352 | D:4      | Found Ofejan Unio's Antique Weapon Emporium.
  2654 | D:4      | Identified the +2 helmet "Atenelif" {rCorr}
  2941 | D:4      | Found a shimmering blue altar of Sif Muna.
  3122 | D:5      | Entered Level 5 of the Dungeon
  3183 | D:5      | Noticed Pikel
  3207 | D:5      | Killed Pikel
  3208 | D:5      | Reached XP level 8. HP: 12/56 MP: 8/8
  3523 | D:5      | Noticed Eustachio
  3553 | D:5      | Killed Eustachio
  3736 | D:5      | Found a faded altar of an unknown god.
  3736 | D:5      | Found a faded altar of an unknown god.
  3754 | D:5      | Found an ornate altar of the Wu Jian Council.
  3756 | D:5      | Found a sacrificial altar of Ru.
  3758 | D:5      | Found a glowing silver altar of Zin.
  4120 | D:6      | Found a hide-covered altar of Uskayaw.
  4123 | D:6      | Noticed Menkaure
  4137 | D:6      | Killed Menkaure
  4138 | D:6      | Reached skill level 1 in Shields
  4257 | D:6      | Found a blossoming altar of Fedhas.
  4382 | D:6      | Found a staircase to the Ecumenical Temple.
  4383 | D:6      | Noticed Prince Ribbit
  4399 | D:6      | Killed Prince Ribbit
  4400 | D:6      | Reached skill level 3 in Fighting
  4400 | D:6      | Reached skill level 5 in Dodging
  4400 | D:6      | Reached XP level 9. HP: 24/64 MP: 9/9
  4406 | Temple   | Entered the Ecumenical Temple
  4542 | Temple   | Became a worshipper of Gozag Ym Sagoz the Greedy
  4828 | D:6      | Identified the +8 chain mail of the Kitsune {Regen+ Str+3}
  5013 | D:6      | Reached skill level 4 in Fighting
  5469 | D:6      | Reached skill level 5 in Shields
  5905 | D:7      | Reached skill level 5 in Fighting
  5905 | D:7      | Reached skill level 1 in Armour
  6255 | D:7      | Found a basalt altar of Yredelemnul.
  6258 | D:7      | Found a broken altar of Ashenzari.
  6265 | D:7      | Found a glowing golden altar of the Shining One.
  6265 | D:7      | Found a white marble altar of Elyvilon.
  6282 | D:7      | Reached XP level 10. HP: 75/75 MP: 10/10
  6293 | D:7      | Found an iron altar of Okawaru.
  6873 | D:8      | Found a staircase to the Lair.
  6897 | D:7      | Reached skill level 6 in Fighting
  7164 | D:8      | Found a runed translucent door.
  7319 | D:8      | Reached skill level 7 in Fighting
  7377 | D:8      | Bought a scroll of teleportation for 42 gold pieces
  7436 | D:8      | Identified the +0 falchion "Trog's Indignation" {holy,
                  | rPois rC+}
  7591 | D:8      | Noticed an oklob plant
  7805 | D:8      | Noticed relicbr's ghost (weakling SpWn)
  7909 | D:8      | Killed relicbr's ghost
  7990 | D:9      | Noticed Harold
  8004 | D:9      | Killed Harold
  8033 | D:9      | Reached skill level 8 in Fighting
  8033 | D:9      | Reached skill level 10 in Dodging
  8033 | D:9      | Reached XP level 11. HP: 80/86 MP: 11/11
  8348 | D:9      | Found a shimmering altar of Xom.
  9033 | D:10     | Entered Level 10 of the Dungeon
  9070 | D:10     | Reached skill level 5 in Armour
  9080 | D:10     | Noticed a two-headed ogre
  9086 | D:10     | Killed a two-headed ogre
  9087 | D:10     | Reached skill level 9 in Fighting
  9087 | D:10     | Found Nuatim's Magic Scroll Boutique.
  9149 | D:10     | Bought a scroll of identify for 34 gold pieces
  9247 | D:10     | Found a runed translucent gate.
  9250 | D:10     | Noticed an obsidian statue
  9269 | D:10     | Found a runed translucent gate.
  9279 | D:10     | Noticed a deep elf knight
  9279 | D:10     | Noticed a deep elf knight
  9280 | D:10     | Noticed a tengu warrior
  9282 | D:10     | Noticed a tengu warrior
  9302 | D:9      | Killed a tengu warrior
  9303 | D:9      | Reached skill level 10 in Fighting
  9489 | D:9      | Killed a deep elf knight
  9539 | D:10     | Killed a tengu warrior
  9547 | D:10     | Killed a deep elf knight
  9548 | D:10     | Reached skill level 11 in Fighting
  9553 | D:10     | Noticed a tengu warrior
  9578 | D:10     | Killed a tengu warrior
  9607 | D:10     | Noticed an orc knight
  9627 | D:10     | Killed an orc knight
  9628 | D:10     | Reached skill level 12 in Fighting
  9680 | D:10     | Noticed a tengu warrior
  9681 | D:10     | Noticed a phantasmal warrior
  9685 | D:10     | Noticed an ettin
  9687 | D:10     | Killed a tengu warrior
  9687 | D:10     | Noticed a phantasmal warrior
  9687 | D:10     | Noticed an orc knight
  9713 | D:9      | Killed a phantasmal warrior
  9791 | D:10     | Found a staircase to the Orcish Mines.
  9803 | D:10     | Reached XP level 12. HP: 103/103 MP: 12/12
  9816 | D:10     | Reached skill level 13 in Fighting
  9826 | Orc:1    | Entered Level 1 of the Orcish Mines
  9826 | Orc:1    | Noticed Fannar
  9845 | Orc:1    | Killed Fannar
 10099 | Orc:1    | Noticed Josephine
 10113 | Orc:1    | Killed Josephine
 10123 | Orc:1    | Reached skill level 14 in Fighting
 10488 | Orc:1    | Found Loukkyru's Antique Armour Shop.
 10552 | Orc:2    | Entered Level 2 of the Orcish Mines
 10563 | Orc:2    | Reached skill level 15 in Fighting
 10671 | Orc:2    | Noticed an orc high priest
 10672 | Orc:2    | Found Olidesch's Book Shop.
 10681 | Orc:2    | Killed an orc high priest
 10926 | Orc:2    | Found a staircase to the Elven Halls.
 10928 | Orc:2    | Found Guifarr's Antique Armour Boutique.
 10952 | Orc:2    | Noticed a sun demon
 10953 | Orc:2    | Paralysed by an orc sorcerer for 5 turns
 10954 | Orc:2    | Reached skill level 16 in Fighting
 10966 | Orc:2    | Paralysed by an orc sorcerer for 5 turns
 10971 | Orc:2    | HP: 2/157 [hellwing[an orc sorcerer] (8)]
 10998 | Orc:2    | Noticed an orc high priest
 11001 | Orc:2    | HP: 8/169 [orc high priest/divine providence (14)]
 11006 | Orc:2    | HP: 5/169 [orc warrior/+0 short sword (5)]
 11022 | Orc:1    | Reached XP level 13. HP: 46/119 MP: 4/13
 11109 | Orc:2    | Found Heul's General Store.
 11122 | Orc:2    | Found a gate leading to a gauntlet.
 11123 | Orc:2    | Noticed an orc warlord
 11155 | Orc:2    | Reached skill level 17 in Fighting
 11195 | Orc:2    | Killed an orc warlord
 11492 | Orc:2    | Found Zooc's Antique Weapon Emporium.
 11698 | D:10     | Found a runed translucent gate.
 11795 | D:10     | Noticed Shayle's ghost (journeyman HuSh)
 11867 | Lair:1   | Entered Level 1 of the Lair of Beasts
 12335 | Lair:1   | Reached skill level 18 in Fighting
 12793 | Lair:2   | Found a hole to the Spider Nest.
 13664 | Lair:3   | Reached skill level 19 in Fighting
 13958 | Lair:3   | Noticed Gastronok
 14002 | Lair:3   | Killed Gastronok
 14003 | Lair:3   | Reached XP level 14. HP: 122/134 MP: 14/14
 14046 | Lair:3   | Reached skill level 20 in Fighting
 14279 | Lair:3   | Found a dark tunnel.
 14286 | Volcano  | Entered a volcano
 14456 | Volcano  | Noticed a red draconian
 14476 | Volcano  | Killed a red draconian
 14793 | Lair:3   | Found a staircase to the Swamp.
 14799 | Lair:3   | Reached skill level 21 in Fighting
 15018 | Lair:4   | Noticed Rupert
 15038 | Lair:4   | Paralysed by Rupert for 3 turns
 15043 | Lair:4   | Killed Rupert
 15150 | Lair:4   | Found a staircase to the Slime Pits.
 15150 | Lair:4   | Found a viscous altar of Jiyva.
 15863 | Lair:5   | Entered Level 5 of the Lair of Beasts
 15990 | Lair:5   | Reached skill level 22 in Fighting
 16046 | Lair:5   | Noticed a dire elephant
 16046 | Lair:5   | Found the dreamshard necklace {Acrobat *Dream}
 16072 | Lair:5   | Killed a dire elephant
 16475 | Lair:5   | Reached XP level 15. HP: 145/148 MP: 15/15
 16890 | Lair:5   | Reached skill level 23 in Fighting
 17262 | Orc:2    | Bought the +0 mask of the Dragon {Will+ Slay+3 SInv} for
                  | 1169 gold pieces
 17262 | Orc:2    | Found the +0 mask of the Dragon {Will+ Slay+3 SInv}
 17286 | Orc:2    | Bought a pair of bloodstained boots for 332 gold pieces
 17286 | Orc:2    | Identified the +2 pair of boots of Distant Worlds {Str+2}
                  | (You bought it in a shop on level 2 of the Orcish Mines)
 17455 | D:10     | Found the +5 Lochaber axe {reach-cleave, Poleaxe Drain}
 17712 | D:11     | Found a frozen archway.
 17778 | IceCv    | Entered an ice cave
 18104 | IceCv    | Noticed a frost giant
 18126 | IceCv    | Killed a frost giant
 18534 | D:11     | Found Dobia's Jewellery Shop.
 18633 | D:11     | Identified the +1 leather armour "Huntoymy" {rF+ Stlth+}
 18912 | D:11     | Reached skill level 15 in Polearms
 19571 | D:11     | Identified the +4 quarterstaff of Ruination {venom, Dex+5}
 20015 | D:12     | Identified the +0 pair of gloves of the Sun {Drain rPois
                  | rC++ Str-4}
 20580 | D:13     | Reached XP level 16. HP: 145/157 MP: 16/16
 20982 | D:13     | Noticed Nessos
 21011 | D:12     | HP: 3/157 [slime creature (12)]
 21146 | D:13     | Nessos changed into Nessos the salamander
 21146 | D:13     | Noticed Nessos
 21153 | D:13     | Killed Nessos the salamander
 21321 | D:13     | Found a blossoming altar of Fedhas.
 21535 | D:13     | Found a gate to the Vaults.
 22721 | D:14     | HP: 5/157 [16-headed hydra (12)]
 22722 | D:14     | HP: 2/157 [17-headed hydra (1)]
 22722 | D:14     | Slain by a 17-headed hydra

Illustrated notes

Levels and vault maps discovered:
D:1:      roderic_dead_forest, layout_rooms,
          hellmonk_ecumenical_altar_inner_sanctum
D:2:      layout_rooms
D:3:      layout_rooms, serial_shops, shop, uniq_jessica,
          uniq_crazy_yiuf_cottage, uniq_robin, uniq_natasha, uniq_sigmund
D:4:      layout_gridville, led_sif_pool, serial_shops, shop, serial_forest,
          infiniplex_forest_corner_1, infiniplex_forest_lined_corner,
          infiniplex_forest_lined_1, infiniplex_forest_lined_room_3,
          infiniplex_forest_end_3, infiniplex_forest_clump_cross,
          infiniplex_forest_lined_3, infiniplex_forest_lined_corner,
          infiniplex_forest_diagonal
D:5:      layout_basic, chequers_temple_overflow_minitemple, serial_demonic,
          serial_demonic_a, serial_demonic_b, serial_demonic_d,
          serial_demonic_g, nicolae_figureground_pulse, uniq_pikel,
          uniq_eustachio
D:6:      layout_loops_ring, nicolae_overflow_crystal_walls,
          nicolae_uskayaw_murder_on_the_dancefloor,
          minmay_temple_entry_drinking_statues, grunt_ministairs_13,
          uniq_menkaure, uniq_prince_ribbit1
D:7:      layout_loops_corners, nicolae_overflow_hallway_of_the_gods
D:8:      lemuel_slime, layout_gridville, erik_lair_island,
          ebering_ghost_reflecting_pool
D:9:      layout_layer_cave, led_xom_imps, uniq_harold
D:10:     layout_big_octagon, david_orc_2, gammafunk_ghost_spectres,
          serial_shops, shop, minivault_16, nicolae_guarded_unrand_lochaber
D:11:     layout_basic, serial_shops, shop, portal_ice_cave_rime, minivault_12
D:12:     layout_stronghold, hangedman_decor_growths, chequers_jeans
D:13:     layout_cave_pods, david_vaults_2, fedhas_altar_1, uniq_nessos
D:14:     layout_loops_corners, kennysheep_nub, nicolae_underground_beach
Temple:   chequers_temple_sunken
Lair:1:   layout_loops_ring, cheibrodos_lair_caveside_slide, minmay_holes,
          st_stairs_7
Lair:2:   layout_cellular_growth, dummy_spider_entry,
          nicolae_quartered_pool_little
Lair:3:   layout_roguey, palyth_hydra_swamp_entry, enter_volcano_4, st_stairs_7,
          grunt_megastairs_1, uniq_gastronok
Lair:4:   layout_regular_city, minmay_slime_entry_pillars, uniq_rupert
Lair:5:   hangedman_lair_in_review, layout_regular_city
Orc:1:    layout_caves, serial_shops, nicolae_shop_pleasant_corner_grove,
          basic_altar, hangedman_minor_magic, uniq_josephine, uniq_fannar
Orc:2:    grunt_orc_gardens, layout_diamond_mine, grunt_orc_garden,
          grunt_orc_garden, grunt_orc_garden, grunt_orc_garden,
          gauntlet_entry_generic

Skill      XL: |  1  2  3  4  5  6  7  8  9 10 11 12 13 14 15 16 |
---------------+-------------------------------------------------+-----
Polearms       | 5 6 8 10 12 14 16 17 | 17.7
Shields        | 3 5 |  5.0
Fighting       | 3 5 8 12 16 19 22 23 | 23.3
Dodging        | 5 7 10 11 12 | 12.8
Armour         | 2 4 5 6 7 |  7.0
Throwing       | |  2.0

Action                     |  1- 3 |  4- 6 |  7- 9 | 10-12 | 13-15 | 16-18 || total
---------------------------+-------+-------+-------+-------+-------+-------++-------
  Melee: Trident           |    88 |   118 |   344 |   678 |   896 |       ||  2124
         Punch             |     1 |       |       |       |       |       ||     1
         Lochaber axe      |       |       |       |       |   225 |   191 ||   416
  Throw: Throwing net      |     1 |     1 |       |       |       |       ||     2
 Invoke: Call Merchant     |       |       |       |     1 |     2 |       ||     3
         Potion Petition   |       |       |       |     3 |       |       ||     3
  Evoke: Wand              |       |       |     2 |    13 |     2 |     2 ||    19
    Use: Scroll            |     7 |     1 |     9 |     8 |     7 |       ||    32
         Potion            |       |     3 |       |     4 |     2 |       ||     9
   Stab: Sleeping          |       |     2 |     1 |       |       |       ||     3
         Held in net/web   |       |     1 |       |       |       |       ||     1
         Distracted        |       |       |     1 |     6 |     3 |     1 ||    11
         Petrified         |       |       |       |       |     3 |       ||     3
 Armour: Leather armour    |    22 |    28 |   100 |       |       |       ||   150
         Skin              |       |    42 |       |   113 |       |       ||   155
         Chain mail        |       |       |    17 |   317 |   571 |   296 ||  1201
  Dodge: Dodged            |    32 |    45 |   118 |   164 |   387 |   197 ||   943
  Block: Buckler           |     3 |    22 |    50 |   119 |   135 |       ||   329

Table legend: (Time is in decaauts)
 A = Elapsed time spent in this place.
 B = Non-inter-level travel time spent in this place.
 C = Inter-level travel time spent in this place.
 D = Time resting spent in this place.
 E = Time spent auto-exploring this place.
 F = Levels seen in this place.
 G = Mean time per level.
                   A        B        C        D        E       F      G
               +--------+--------+--------+--------+--------+-----+--------+
         Total |  22092 |  21024 |   1068 |   2756 |  13782 |  24 |  920.5 |
       Dungeon |  14300 |  13527 |    773 |   2235 |   8790 |  14 | 1021.4 |
        Temple |    144 |    136 |      8 |      0 |    126 |   1 |  144.0 |
          Lair |   4784 |   4623 |    161 |    107 |   3483 |   5 |  956.8 |
  Orcish Mines |   1879 |   1754 |    125 |    220 |    907 |   2 |  939.5 |
      Ice Cave |    737 |    737 |      0 |    193 |    337 |   1 |  737.0 |
       Volcano |    245 |    245 |      0 |      0 |    138 |   1 |  245.0 |
               +--------+--------+--------+--------+--------+-----+--------+

Top non-repeatable levels by time:
     D:6: 1410 daAuts
     D:9: 1372 daAuts
    D:11: 1287 daAuts
     D:7: 1280 daAuts
    D:12: 1197 daAuts
    D:13: 1174 daAuts
  Lair:5: 1162 daAuts
  Lair:3: 1019 daAuts
     D:4: 983 daAuts
   Orc:1: 963 daAuts
     D:5: 960 daAuts
  Lair:2: 924 daAuts
   Orc:2: 915 daAuts
    D:10: 908 daAuts
     D:3: 871 daAuts
